Map: [ESL] Cosmic Sapphire

Players

TeebuL - Winner!

  • Race: Protoss Protoss
  • Spawn Location: 5:00

NXZ

  • Race: Zerg Zerg
  • Spawn Location: 11:00

Event: DreamHack SC2 Masters 2022 Atlanta (Online)

VOD

Have the link to the VOD?

Description

Time

  • Played on: Sept. 29, 2022, 5:15 a.m.
  • Length: 5:03

All games in this series

Show
View Real Time Build Order
Export as new Build Order

TeebuL Protoss - Winner!

Build Orders: 1 Gate Expand, Oracle Opening 

Get SALT Encoding   

  12  0:00  Probe  
  13  0:13  Probe  
  14  0:19  Pylon  
  14  0:25  Probe (Chrono Boost)  
  15  0:37  Probe (Chrono Boost)  
  15  0:38  Gateway  
  16  0:45  Probe (Chrono Boost)  
  16  0:47  Assimilator  
  17  0:51  Probe  
  18  1:03  Probe  
  19  1:15  Probe  
  20  1:29  Cybernetics Core, Pylon  
  21  1:38  Nexus  
  20  1:41  Probe  
  20  1:44  Assimilator  
  21  1:54  Probe  
  22  2:06  Probe  
  22  2:07  Warp Gate (Chrono Boost)  
  23  2:14  Pylon  
  23  2:29  Adept (Chrono Boost)  
  23  2:32  Probe  
  23  2:34  Stargate  
  26  2:44  Probe  
  27  2:52  Shield Battery  
  27  2:56  Forge, Probe  
  28  3:01  Stalker (Chrono Boost)  
  28  3:02  Shield Battery  
  30  3:20  Oracle (Chrono Boost)  
  30  3:29  Photon Cannon  
  30  3:31  Photon Cannon  
  30  3:32  Pylon  
  30  3:38  Photon Cannon  
  30  3:49  Pylon  
  30  3:54  Zealot  
  28  4:04  Gateway  
  28  4:12  Pylon  
  26  4:17  Photon Cannon  
  26  4:24  Gateway  
  26  4:30  Photon Cannon  
Show
View Real Time Build Order
Export as new Build Order

NXZ Zerg 

Build Orders: Hatch First 

Get SALT Encoding   

  12  0:00  Drone  
  13  0:13  Overlord  
  13  0:18  Drone  
  14  0:31  Drone x2  
  16  0:51  Hatchery  
  16  0:55  Drone  
  16  0:58  Drone  
  16  1:02  Drone  
  18  1:12  Extractor  
  17  1:18  Spawning Pool  
  17  1:21  Drone  
  17  1:25  Drone  
  18  1:29  Drone  
  19  1:37  Hatchery  
  19  1:46  Drone  
  20  1:52  Overlord  
  20  2:05  Queen  
  22  2:11  Zergling x4  
  24  2:17  Metabolic Boost  
  24  2:22  Zergling x2  
  25  2:35  Zergling x2  
  26  2:44  Zergling x2  
  26  2:49  Spine Crawler  
  26  2:50  Queen  
  26  2:51  Spine Crawler  
  27  2:53  Zergling x2, Spine Crawler  
  27  2:56  Zergling x2  
  28  3:01  Zergling x2  
  28  3:05  Zergling x2  
  30  3:10  Spine Crawler  
  29  3:14  Zergling x2  
  29  3:19  Zergling x2  
  31  3:20  Zergling x2  
  31  3:23  Zergling x2  
  30  3:35  Zergling x6  
  30  3:37  Zergling x2  
  32  3:55  Zergling x6  
  24  4:10  Queen  
  24  4:14  Zergling x2  
  24  4:15  Zergling x10  
  31  4:20  Zergling x2  
  28  4:33  Zergling x6  
Tags
 
Add a new tag
Caveats
  • Supply blocks, unpowered buildings, or Contaminate may cause inaccurate times.
  • Supply counts are checked every 10 seconds.